 Dungeon Crawl Stone Soup version 0.21.1-1-g345015f (webtiles) character file.

750 prawnwizard the Chopper (level 7, -3/62 HPs)
             Began as a Minotaur Berserker on June 28, 2018.
             Was a Priest of Trog.
             Shot with an arrow by a centaur (10 damage)
             ... on level 5 of the Dungeon.
             The game lasted 00:07:24 (4121 turns).

prawnwizard the Chopper (Minotaur Berserker)        Turns: 4121, Time: 00:07:24

Health: -3/62      AC:  4    Str: 24    XL:     7   Next: 48%
Magic:  6/6        EV:  8    Int:  4    God:    Trog [***...]
Gold:   233        SH: 12    Dex:  9    Spells: 6/6 levels left

rFire    . . .     SeeInvis .   a - +0 hand axe
rCold    . . .     Gourm    +   r - +0 large shield
rNeg     . . .     Faith    .   D - +0 leather armour {rPois}
rPois    +         Spirit   .   (helmet restricted)
rElec    .         Reflect  .   y - scarf {repulsion}
rCorr    .         Harm     .   z - +0 pair of gloves
MR       .....                  (no boots)
Stlth    +.........             e - amulet of the gourmand
HPRegen  0.20/turn              (no ring)
MPRegen  0.10/turn              (no ring)

@: repel missiles
A: retaliatory headbutt, horns 2
a: Berserk, Trog's Hand, Burn Spellbooks, Renounce Religion


You were on level 5 of the Dungeon.
You worshipped Trog.
Trog was most pleased with you.
You were full.

You visited 1 branch of the dungeon, and saw 5 of its levels.

You collected 233 gold pieces.

Inventory:

Hand Weapons
 a - a +0 hand axe (weapon)
 B - a +2 halberd of freezing
Armour
 b - a +0 animal skin
 l - a +0 leather armour
 r - a +0 large shield (worn)
 y - a scarf of repulsion (worn)
 z - a +0 pair of gloves (worn)
 D - a +0 leather armour of poison resistance (worn)
Jewellery
 e - an amulet of the gourmand (around neck)
Scrolls
 g - 3 scrolls of identify {unknown}
 h - 2 scrolls of enchant weapon {unknown}
 i - 2 scrolls of teleportation {unknown}
 j - 2 scrolls of enchant armour {unknown}
 n - 2 scrolls of immolation {unknown}
 o - a scroll of blinking {unknown}
 q - a scroll of fear {unknown}
 t - a scroll of magic mapping {unknown}
 u - 3 scrolls of remove curse {unknown}
 A - a scroll of random uselessness {unknown}
Potions
 d - 5 potions of curing {unknown}
 f - 2 potions of heal wounds {unknown}
 k - a potion of ambrosia {unknown}
 m - a potion of agility {unknown}
 p - a potion of mutation {unknown}
 s - a potion of resistance {unknown}
 v - a potion of brilliance {unknown}
 w - a potion of might {unknown}
Books
 x - a book of Air

   Spells                             Type                      Level
   a - Shock                          Conjuration/Air              1
   b - Swiftness                      Charms/Air                   2
   c - Static Discharge               Conjuration/Air              3
   d - Airstrike                      Air                          4
   e - Lightning Bolt                 Conjuration/Air              5
   Trog disapproves of the use of such an item.
Comestibles
 c - 6 rations


   Skills:
 + Level 5.9 Fighting
 * Level 7.2 Axes
 + Level 4.9 Armour
 + Level 4.4 Dodging


You had 6 spell levels left.
You didn't know any spells.

Dungeon Overview and Level Annotations

Branches:
Dungeon (5/15)
 Temple: D:4-7

Altars:
Nemelex Xobeh


Innate Abilities, Weirdness & Mutations

You reflexively headbutt those who attack you in melee.
You have a pair of horns on your head.


Message History

You recover from your berserk rage.
A centaur comes into view.
The centaur shouts!
The centaur wields a glowing shortbow.
The centaur shoots an arrow.
You block the arrow.
The centaur shoots an arrow.
The arrow is repelled.
The centaur shoots an arrow.
You block the arrow.
The centaur moves out of view.
The centaur shoots an arrow.
The arrow hits you!
The centaur shoots an arrow.
The arrow hits you!
* * * LOW HITPOINT WARNING * * *
x2 The centaur shoots an arrow.
You block the arrow.
The centaur shoots an arrow.
The arrow is repelled.
The centaur shoots an arrow.
The arrow is repelled.
The centaur shoots an arrow.
The arrow is repelled.
The centaur shoots an arrow.
You block the arrow.
The centaur shoots an arrow.
The arrow hits you.
* * * LOW HITPOINT WARNING * * *
x2 The centaur shoots an arrow.
The arrow hits you!
You die...

......# ..#
.#.###.#### ..... ...
...........#
...####.#
#.#.###.##.#
.######.†......
#.##.#
...........##.#
#.##.#
#######.#####c#
#.##.#
............#)#
#.##.#
####.######)#.#####.#
#.##.#
#........@........ #.
#.#
#######.#.########
#.# #........... #.#
###.######## #.# #.#
#.# #.############.#
#..............#
#.############## #.#


You could see a centaur.

Vanquished Creatures
  Grinder (D:3)
  An ogre (D:5)
  A hound (D:4)
  An orc priest (D:3)
  A bullfrog skeleton (D:4)
  An orc wizard (D:3)
  A gnoll shaman (D:5)
  Natasha (thrice) (D:2)
  A worker ant (D:4)
  8 gnolls
  7 adders
  2 oozes
  A worm (D:4)
  2 dart slugs (D:1)
  4 leopard geckos
  3 orcs (D:3)
  5 giant cockroaches
  4 goblins
  9 hobgoblins
  5 jackals
  2 quokkas
  A ball python (D:1)
  5 bats
  2 frilled lizards
  5 kobolds
  A leopard gecko skeleton (D:5)
  7 rats
84 creatures vanquished.

Notes
Turn   | Place    | Note
-------+----------+-------------------------------------------
     0 | D:1      | prawnwizard the Minotaur Berserker began the quest for the Orb.
     0 | D:1      | Reached XP level 1. HP: 19/19 MP: 0/0
   276 | D:1      | Reached XP level 2. HP: 27/27 MP: 1/1
   345 | D:1      | Reached skill level 4 in Axes
  1039 | D:1      | Reached XP level 3. HP: 26/33 MP: 2/2
  1385 | D:2      | Reached ** piety under Trog
  1434 | D:2      | Found a sparkling altar of Nemelex Xobeh.
  1816 | D:2      | Noticed Natasha
  1819 | D:2      | Killed Natasha
  1819 | D:2      | Reached XP level 4. HP: 41/41 MP: 3/3
  2153 | D:2      | Noticed Natasha
  2163 | D:2      | Killed Natasha
  2163 | D:2      | Reached skill level 5 in Axes
  2233 | D:2      | Noticed Natasha
  2238 | D:2      | Killed Natasha
  2238 | D:2      | Reached XP level 5. HP: 47/47 MP: 4/4
  2544 | D:3      | Reached skill level 5 in Fighting
  2825 | D:3      | Reached XP level 6. HP: 53/56 MP: 5/5
  2914 | D:3      | Noticed Grinder
  2919 | D:3      | Paralysed by Grinder for 5 turns
  2930 | D:3      | Killed Grinder
  2930 | D:3      | Reached skill level 6 in Axes
  3123 | D:3      | Reached *** piety under Trog
  3475 | D:4      | Reached XP level 7. HP: 57/61 MP: 6/6
  3876 | D:5      | Entered Level 5 of the Dungeon
  3968 | D:5      | Reached skill level 7 in Axes
  4121 | D:5      | Shot with an arrow by a centaur

Skill      XL: |  1  2  3  4  5  6  7 |
---------------+----------------------+-----
Fighting       | 4 5 |  5.9
Axes           | 4 5 6 7 |  7.2
Armour         | 3 4 |  4.9
Dodging        | 3 4 |  4.4

Action                   |  1- 3 |  4- 6 |  7- 9 || total
-------------------------+-------+-------+-------++-------
Melee: Hand axe          |    81 |    86 |    41 ||   208
       Headbutt          |     3 |    14 |     8 ||    25
Invok: Berserk           |     2 |     2 |     1 ||     5
 Stab: Sleeping          |     1 |       |       ||     1
  Eat: Chunk             |     4 |     4 |     8 ||    16
       Ration            |       |     1 |       ||     1
Armor: Animal skin       |     7 |       |       ||     7
       Leather armour    |       |    14 |     3 ||    17
Dodge: Dodged            |    71 |    60 |    10 ||   141
       Deflected         |       |       |     4 ||     4
Block: Large shield      |       |    13 |    32 ||    45
